[Event "Titled Tuesday Blitz April 18 Late 2023"]
[White "lluiss"]
[Black "Kubatko, Ivan"]
[BlackFideId "24111473"]
[WhiteElo "2312"]
[BlackElo "2285"]
[Result "0-1"]
[Round "08"]
[TimeControl "180+2"]
[Date "2023.04.18"]
[WhiteClock "0:00:01"]
[BlackClock "0:00:02"]

1. Nf3 d5 2. d4 c5 3. c4 e6 4. cxd5 exd5 5. g3 Nc6 6. Bg2 Nf6 7. O-O Be7 8. Nc3 O-O 9. Bg5 c4 10. Ne5 Be6 11. f4 h6 12. Bxf6 Bxf6 13. e3 Ne7 14. e4 Rb8 15. f5 Bc8 16. Ng4 Nc6 17. e5 Bg5 18. h4 Bxh4 19. gxh4 Qxh4 20. Nxd5 h5 21. Ngf6+ gxf6 22. Nxf6+ Kh8 23. Rf4 Qg5 24. Qxh5+ Qxh5 25. Nxh5 f6 26. Nxf6 Kg7 27. Bd5 Rh8 28. Kf2 Ne7 29. Rg1+ Kf8 30. Be6 b5 31. Bxc8 Rxc8 32. Ng4 Nd5 33. Rf3 b4 34. f6 c3 35. bxc3 bxc3 36. e6 c2 37. Rc1 Rh4 38. e7+ Nxe7 39. fxe7+ Kxe7 40. Ne5 Rxd4 41. Rd3 Rf4+ 42. Ke3 Rf5 43. Ke4 Rf6 44. Rd2 Re6 0-1


[Site "https://www.chess.com"]

[Event "Titled Tuesday Blitz April 18 Late 2023"]
[White "Sarkar, Justin"]
[Black "Mazurkiewicz, Michal"]
[WhiteFideId "2010011"]
[BlackFideId "1124943"]
[WhiteElo "2189"]
[BlackElo "2054"]
[Result "0-1"]
[Round "08"]
[TimeControl "180+2"]
[Date "2023.04.18"]
[WhiteClock "0:00:01"]
[BlackClock "0:01:41"]

1. e4 d6 2. d4 Nf6 3. Nc3 c6 4. a4 Qa5 5. Bd2 Qb6 6. Nf3 Bg4 7. a5 Qc7 8. h3 Bh5 9. Qe2 e5 10. g4 Bg6 11. Bg2 Nbd7 12. O-O Be7 13. Rfd1 O-O 14. Be1 Rfe8 15. Nh4 Bf8 16. Nf5 Bxf5 17. gxf5 d5 18. dxe5 Qxe5 19. f3 Bc5+ 20. Kh1 Bd6 21. Bf1 dxe4 22. fxe4 Nc5 23. Rxd6 Qxd6 24. Bg2 Qe5 25. Bf2 Ncxe4 26. Nxe4 Nxe4 0-1


[Site "https://www.chess.com"]

[Event "Titled Tuesday Blitz April 18 Late 2023"]
[White "Kohler, Aran"]
[Black "Prydun, Andriy"]
[WhiteFideId "1002856"]
[BlackFideId "14145898"]
[WhiteElo "2260"]
[BlackElo "2164"]
[Result "0-1"]
[Round "08"]
[TimeControl "180+2"]
[Date "2023.04.18"]
[WhiteClock "0:01:45"]
[BlackClock "0:01:46"]

1. d4 Nf6 2. Nf3 d5 3. Bg5 e6 4. Nbd2 Be7 5. c3 O-O 6. Bxf6 Bxf6 7. e4 b6 8. e5 Be7 9. Bd3 Ba6 10. Bb1 c5 11. h4 Nc6 12. Qc2 g6 13. h5 cxd4 14. hxg6 fxg6 15. Nxd4 Nxd4 16. cxd4 Rc8 17. Qd1 Bh4 18. g3 Bxg3 19. fxg3 Qg5 20. Rh3 Qe3+ 0-1


[Site "https://www.chess.com"]

[Event "Titled Tuesday Blitz April 18 Late 2023"]
[White "WindWhistler11"]
[Black "mjelcic"]
[WhiteElo "2427"]
[BlackElo "2194"]
[Result "1-0"]
[Round "08"]
[TimeControl "180+2"]
[Date "2023.04.18"]
[WhiteClock "0:00:13"]
[BlackClock "0:00:13"]

1. Nf3 Nf6 2. g3 g6 3. Bg2 Bg7 4. c4 c5 5. O-O O-O 6. a3 Nc6 7. Nc3 d5 8. cxd5 Nxd5 9. d3 Nxc3 10. bxc3 Bxc3 11. Bh6 Bg7 12. Bxg7 Kxg7 13. Rc1 Qd6 14. Qc2 b6 15. d4 Bb7 16. dxc5 bxc5 17. Rfd1 Qf6 18. Qxc5 Rac8 19. Qb5 Ba8 20. Rc4 Rfd8 21. Rdc1 e6 22. h4 Rb8 23. Qa4 Ne5 24. Rf4 Nxf3+ 25. Bxf3 Qe5 26. Qxa7 Bxf3 27. Rxf7+ Kg8 28. exf3 Ra8 29. Qe7 Re8 30. Qd7 Rad8 31. Qc7 Qxc7 32. Rcxc7 Rd3 33. Rg7+ Kf8 34. Rxh7 Kg8 35. Rcg7+ Kf8 36. Kg2 Rxa3 37. Rxg6 Rea8 38. Rh8+ Kf7 39. Rxa8 Rxa8 40. Rg4 Kf6 41. Rf4+ Ke5 42. Re4+ Kf6 43. g4 e5 44. Kg3 Ra3 45. h5 Ra1 46. Kg2 Ra3 47. f4 exf4 48. Rxf4+ Kg5 49. Rd4 Rb3 50. f3 Rb2+ 51. Kg3 Rb1 52. f4+ Kf6 53. Rd6+ Kg7 54. Rg6+ Kh7 55. Kh4 Rh1+ 56. Kg5 Ra1 57. f5 Ra7 58. Re6 Rg7+ 59. Kf4 Ra7 60. g5 Ra4+ 61. Ke5 Ra5+ 62. Kf6 Ra7 63. Re7+ Rxe7 64. Kxe7 Kh8 65. f6 Kg8 66. f7+ Kh8 67. f8=Q+ Kh7 68. Qf7+ Kh8 69. Qf6+ Kh7 70. g6+ Kg8 71. Qf7+ Kh8 72. Qh7# 1-0


[Site "https://www.chess.com"]

[Event "Titled Tuesday Blitz April 18 Late 2023"]
[White "Marczuk, Dominik"]
[Black "Vargas Rodriguez, Wilver"]
[WhiteFideId "1111264"]
[BlackFideId "3509672"]
[WhiteElo "2174"]
[BlackElo "2224"]
[Result "1-0"]
[Round "08"]
[TimeControl "180+2"]
[Date "2023.04.18"]
[WhiteClock "0:01:15"]
[BlackClock "0:00:02"]

1. e4 c5 2. Nf3 d6 3. d4 cxd4 4. Nxd4 Nf6 5. Nc3 a6 6. f3 e5 7. Nb3 Be7 8. Be3 Be6 9. Qd2 h5 10. Nd5 Nxd5 11. exd5 Bf5 12. Be2 Nd7 13. O-O Rc8 14. c4 O-O 15. Na5 Rc7 16. b4 Bf6 17. Rac1 e4 18. f4 Bg4 19. Bxg4 hxg4 20. c5 dxc5 21. bxc5 Qb8 22. c6 bxc6 23. dxc6 Nb6 24. Rb1 Nc4 25. Rxb8 Nxd2 26. Rxf8+ 1-0


[Site "https://www.chess.com"]

[Event "Titled Tuesday Blitz April 18 Late 2023"]
[White "Barria Santos, Jose Guilherme"]
[Black "Kielinkei"]
[WhiteFideId "1939300"]
[WhiteElo "2266"]
[BlackElo "2424"]
[Result "1-0"]
[Round "08"]
[TimeControl "180+2"]
[Date "2023.04.18"]
[WhiteClock "0:00:33"]
[BlackClock "0:00:21"]

1. e4 c5 2. Nf3 e6 3. d4 cxd4 4. Nxd4 Nc6 5. Nc3 Qc7 6. Be3 a6 7. Bd3 Nf6 8. O-O Be7 9. f4 d6 10. Kh1 O-O 11. Nf3 b5 12. Qe1 Bb7 13. Qg3 Nd7 14. f5 Bf6 15. fxe6 fxe6 16. Qh3 Nce5 17. Qxe6+ Kh8 18. Nxe5 Nxe5 19. Nd5 Bxd5 20. Qxd5 Rac8 21. c3 Qd7 22. Rad1 Nxd3 23. Qxd3 Be5 24. Bg1 Qe7 25. Qd5 Rc4 26. Qb7 Bf6 27. Qxe7 Bxe7 28. Rxf8+ Bxf8 29. Bd4 Kg8 30. Rf1 b4 31. Kg1 bxc3 32. bxc3 Ra4 33. Rf2 Be7 34. Kf1 Bf6 35. Bxf6 gxf6 36. Rxf6 Rxe4 37. Rxd6 Ra4 38. Rd2 Kf7 39. Ke2 Ke6 40. Kd3 Ra3 41. Kc4 Ke5 42. Kb4 1-0


[Site "https://www.chess.com"]

[Event "Titled Tuesday Blitz April 18 Late 2023"]
[White "Kovacevic, Radmila"]
[Black "Estrada Nieto, Julian"]
[WhiteFideId "933171"]
[BlackFideId "5101018"]
[WhiteElo "2194"]
[BlackElo "2161"]
[Result "0-1"]
[Round "08"]
[TimeControl "180+2"]
[Date "2023.04.18"]
[WhiteClock "0:00:02"]
[BlackClock "0:00:08"]

1. e4 e5 2. d4 exd4 3. Qxd4 Nc6 4. Qe3 Nf6 5. Bd2 Be7 6. Nc3 O-O 7. O-O-O d5 8. exd5 Nxd5 9. Qg3 Bd6 10. f4 Ncb4 11. Bc4 Be6 12. Nxd5 Nxd5 13. Bxd5 Bxd5 14. Bc3 f6 15. Nf3 Bxf3 16. gxf3 Qd7 17. Rhg1 Rf7 18. Qg4 Qa4 19. Kb1 Qxf4 20. Qxf4 Bxf4 21. h4 Re8 22. Rg4 Be5 23. Bb4 f5 24. Rc4 Bf6 25. a4 c6 26. Rf4 g6 27. h5 Kg7 28. hxg6 hxg6 29. Rc4 Be5 30. a5 a6 31. f4 Bf6 32. Bc5 Re4 33. b3 Rxc4 34. bxc4 Be7 35. Bd4+ Bf6 36. Bc5 g5 37. fxg5 Bxg5 38. Rf1 Kg6 39. Bd4 f4 40. Bc5 Kf5 41. Kb2 Rd7 42. Kc3 Ke4 43. Re1+ Kf3 44. Rf1+ Ke2 45. Rf2+ Ke1 46. Rg2 Bf6+ 47. Kb3 f3 48. Rg1+ Ke2 49. Rg6 Bd4 50. Re6+ Kf1 51. Bxd4 Rxd4 52. Rf6 f2 53. Kc3 Rd1 54. Rf7 Re1 55. Kd3 Rd1+ 56. Ke3 Re1+ 57. Kd3 Ra1 58. c3 Re1 59. Kd2 Kg2 60. Rg7+ Kh3 61. Rh7+ Kg4 62. Rg7+ Kh5 63. Rxb7 f1=Q 64. Rb6 Qe2# 0-1


[Site "https://www.chess.com"]

[Event "Titled Tuesday Blitz April 18 Late 2023"]
[White "Allam, Yara"]
[Black "Vaglio Munoz, Jaime"]
[WhiteFideId "10615709"]
[BlackFideId "6500145"]
[WhiteElo "1758"]
[BlackElo "2199"]
[Result "1/2-1/2"]
[Round "08"]
[TimeControl "180+2"]
[Date "2023.04.18"]
[WhiteClock "0:00:56"]
[BlackClock "0:00:29"]

1. e4 e6 2. d4 d5 3. Nc3 dxe4 4. Nxe4 Nf6 5. Nxf6+ Qxf6 6. c3 h6 7. Nf3 Nc6 8. Bd3 Bd6 9. O-O O-O 10. Bc2 e5 11. Qd3 g6 12. Bxh6 Re8 13. Bg5 Qh8 14. Rfe1 Bf5 15. Qd2 e4 16. Nh4 Qh5 17. g3 Kg7 18. Nxf5+ gxf5 19. h4 f6 20. Bf4 Qg4 21. Bxd6 cxd6 22. Bd1 Qg6 23. Qf4 d5 24. h5 Qg5 25. Qxg5+ fxg5 26. Kg2 f4 27. g4 b5 28. a4 a6 29. Bb3 Ne7 30. axb5 axb5 31. Rh1 Kh6 32. Rhe1 Kg7 33. Rh1 Kh7 34. Rhe1 Red8 35. Rh1 Kh6 36. Rhe1 Kg7 37. Rh1 Kf6 38. Rhe1 Kg7 39. Rh1 Kh6 40. Rhe1 Kg7 1/2-1/2


[Site "https://www.chess.com"]

[Event "Titled Tuesday Blitz April 18 Late 2023"]
[White "Figorito, Nick"]
[Black "Ng, Gary"]
[WhiteFideId "30923689"]
[BlackFideId "2604914"]
[WhiteElo "2445"]
[BlackElo "2302"]
[Result "1-0"]
[Round "08"]
[TimeControl "180+2"]
[Date "2023.04.18"]
[WhiteClock "0:00:12"]
[BlackClock "0:00:15"]

1. Nf3 Nf6 2. g3 d5 3. Bg2 c5 4. O-O Nc6 5. d4 e6 6. c4 Be7 7. cxd5 Nxd5 8. Nc3 O-O 9. Nxd5 Qxd5 10. Ne5 Qxd4 11. Nxc6 bxc6 12. Bxc6 Rb8 13. Qa4 Qxa4 14. Bxa4 Bf6 15. Rb1 Rd8 16. Be3 Bd4 17. Rfd1 Ba6 18. Bxd4 cxd4 19. Rd2 e5 20. Bb3 Rdc8 21. Re1 Kf8 22. f3 Ke7 23. g4 f6 24. Kf2 Rc5 25. h4 Rbc8 26. h5 h6 27. Ra1 R8c7 28. Rdd1 Bb7 29. Rd2 a5 30. Rdd1 Ba6 31. Rd2 Rc1 32. Rxc1 Rxc1 33. a3 Bb5 34. Bc2 Bc4 35. Be4 Kd6 36. Rc2 Rxc2 37. Bxc2 Kc5 38. Ke1 Bd5 39. Kd2 Bc4 40. Bd3 Kd5 41. Bxc4+ Kxc4 42. Kc2 a4 43. Kd2 Kb3 44. Kc1 Kc4 45. Kc2 Kd5 46. b3 axb3+ 47. Kxb3 e4 48. fxe4+ Kxe4 49. Kc4 Ke3 50. a4 Kxe2 51. Kxd4 Kf3 52. a5 Kxg4 53. a6 f5 54. a7 f4 55. a8=Q f3 56. Ke3 Kxh5 57. Qxf3+ Kh4 58. Qg2 g5 59. Kf3 h5 60. Qg3# 1-0


[Site "https://www.chess.com"]

[Event "Titled Tuesday Blitz April 18 Late 2023"]
[White "Chabris, Christopher"]
[Black "Seletsky, Grigory"]
[WhiteFideId "2005263"]
[BlackFideId "14112191"]
[WhiteElo "2299"]
[BlackElo "2490"]
[Result "0-1"]
[Round "08"]
[TimeControl "180+2"]
[Date "2023.04.18"]
[WhiteClock "0:00:02"]
[BlackClock "0:01:35"]

1. e4 c6 2. d4 d5 3. e5 Bf5 4. Nf3 e6 5. Be2 c5 6. Be3 cxd4 7. Nxd4 Ne7 8. Nd2 Nbc6 9. N2f3 a6 10. O-O Bg6 11. c3 Nf5 12. Nxf5 Bxf5 13. h3 Be7 14. Bd3 Bxd3 15. Qxd3 O-O 16. c4 Nb4 17. Qb3 dxc4 18. Qxc4 Rc8 19. Qg4 Qd3 20. a3 Nd5 21. Bg5 Rc4 22. Qg3 Bxg5 23. Qxg5 h6 24. Qg3 Rfc8 25. Rfd1 Qf5 26. Nd4 Qf4 27. Qxf4 Nxf4 28. Kf1 g5 29. g3 Ng6 30. Nf3 R8c7 31. Rd8+ Kg7 32. Rad1 Rc2 33. R8d7 Rxd7 34. Rxd7 Rxb2 35. Nd4 Rb6 36. Rd6 Rb1+ 37. Ke2 Nxe5 0-1


[Site "https://www.chess.com"]

[Event "Titled Tuesday Blitz April 18 Late 2023"]
[White "Bueno, Alfeu Junior Varela"]
[Black "Golubev, Mikhail"]
[WhiteFideId "2108879"]
[BlackFideId "14100983"]
[WhiteElo "2175"]
[BlackElo "2374"]
[Result "0-1"]
[Round "08"]
[TimeControl "180+2"]
[Date "2023.04.18"]
[WhiteClock "0:00:04"]
[BlackClock "0:00:04"]

1. e4 c5 2. Nc3 g6 3. f4 Bg7 4. Nf3 Nc6 5. Bb5 Nd4 6. O-O Nxb5 7. Nxb5 d6 8. d3 Nf6 9. Nc3 O-O 10. Qe1 a6 11. Qh4 b5 12. f5 b4 13. Ne2 gxf5 14. Bh6 e5 15. Ng5 Kh8 16. Rf3 f4 17. Raf1 Bg4 18. R3f2 Bh5 19. Bxg7+ Kxg7 20. Nxh7 Nxh7 21. Qxh5 Qg5 22. Qh3 Nf6 23. g3 Rh8 24. Qg2 Rh6 25. gxf4 Qxg2+ 26. Rxg2+ Kh7 27. fxe5 dxe5 28. Rgf2 Rg8+ 29. Kh1 Rgg6 30. Ng3 Ng4 31. Rxf7+ Kh8 32. Rf8+ Rg8 33. Rxg8+ Kxg8 34. Rf5 Rxh2+ 35. Kg1 Rxc2 36. Rg5+ Kf8 37. Rxg4 Rxb2 38. Rg5 Rxa2 39. Rxe5 b3 40. Nf1 Ra1 41. Kf2 b2 42. Nd2 Rd1 43. Ke2 Rxd2+ 44. Kxd2 b1=Q 45. Rxc5 Qb4+ 46. Rc3 a5 47. Kc2 a4 48. e5 a3 49. Rb3 Qa4 50. Kc3 a2 51. Ra3 Qxa3+ 0-1


[Site "https://www.chess.com"]

[Event "Titled Tuesday Blitz April 18 Late 2023"]
[White "Garmash, Aliona"]
[Black "Gerbelli Neto, Eduardo"]
[WhiteFideId "34127620"]
[BlackFideId "2103281"]
[WhiteElo "1959"]
[BlackElo "2178"]
[Result "0-1"]
[Round "08"]
[TimeControl "180+2"]
[Date "2023.04.18"]
[WhiteClock "0:00:02"]
[BlackClock "0:00:49"]

1. d4 d5 2. c4 c6 3. Nf3 Nf6 4. Nc3 e6 5. Bg5 dxc4 6. e4 b5 7. e5 h6 8. Bh4 g5 9. Nxg5 Nd5 10. Nf3 Qa5 11. Qd2 Bb4 12. Rc1 Nd7 13. Be2 c5 14. O-O Bxc3 15. bxc3 cxd4 16. Qxd4 Bb7 17. Rc2 Qb6 18. Qg4 Qc5 19. Rb1 Bc6 20. Nd2 Nxe5 21. Qg7 Ng6 22. Bg3 Qe7 23. Ne4 O-O-O 24. Qd4 Ndf4 25. Qe3 Nxe2+ 26. Qxe2 f5 27. Nd2 f4 28. Qh5 Qg5 0-1


[Site "https://www.chess.com"]

[Event "Titled Tuesday Blitz April 18 Late 2023"]
[White "Alexikov, Alexander"]
[Black "Volkmann, Andre Jordi"]
[WhiteFideId "14103958"]
[BlackFideId "2154463"]
[WhiteElo "2186"]
[BlackElo "1999"]
[Result "0-1"]
[Round "08"]
[TimeControl "180+2"]
[Date "2023.04.18"]
[WhiteClock "0:00:01"]
[BlackClock "0:00:08"]

1. e4 c6 2. d4 d5 3. e5 c5 4. dxc5 Nc6 5. Bb5 e6 6. Be3 Qc7 7. f4 Ne7 8. c3 Bd7 9. a4 g5 10. g3 gxf4 11. gxf4 Nf5 12. Bf2 Bh6 13. Ne2 Na5 14. Nd2 O-O-O 15. Bd3 Bc6 16. Bd4 Qe7 17. Bxf5 exf5 18. Qc2 Qh4+ 19. Bf2 Qh5 20. Ng3 Qh3 21. Qxf5+ Qxf5 22. Nxf5 d4 23. Rf1 dxc3 24. bxc3 Bxf4 25. Nd6+ Kb8 26. Bd4 Bxd2+ 27. Kxd2 Nb3+ 28. Ke3 Nxa1 29. Rxa1 Rhf8 30. a5 Rd7 31. a6 Re7 32. Kf4 Re6 33. axb7 Rg6 0-1


[Site "https://www.chess.com"]

[Event "Titled Tuesday Blitz April 18 Late 2023"]
[White "ayme97"]
[Black "Schuster, Karsten"]
[BlackFideId "4611071"]
[WhiteElo "2221"]
[BlackElo "2294"]
[Result "1-0"]
[Round "08"]
[TimeControl "180+2"]
[Date "2023.04.18"]
[WhiteClock "0:01:35"]
[BlackClock "0:02:14"]

1. d4 d5 2. c4 e6 3. Nc3 Nf6 4. Nf3 Be7 5. Bf4 O-O 6. e3 Nbd7 7. cxd5 Nxd5 8. Bg3 N7f6 9. Bd3 b6 10. O-O Bb7 11. Nxd5 Bxd5 12. Qc2 c5 13. e4 Bb7 14. e5 Nd5 15. Bxh7+ Kh8 16. Be4 Kg8 17. dxc5 Kh8 18. cxb6 Nb4 19. Qe2 Nc2 20. Bxc2 axb6 21. Qd3 g6 22. Qxd8 Rfxd8 23. Rfd1 Rxd1+ 24. Bxd1 Rd8 25. Rc1 1-0


[Site "https://www.chess.com"]

[Event "Titled Tuesday Blitz April 18 Late 2023"]
[White "Atanasov, Radislav"]
[Black "Prieto Aranguren, Alain"]
[WhiteFideId "2901471"]
[BlackFideId "2268906"]
[WhiteElo "2077"]
[BlackElo "2209"]
[Result "0-1"]
[Round "08"]
[TimeControl "180+2"]
[Date "2023.04.18"]
[WhiteClock "0:00:18"]
[BlackClock "0:02:47"]

1. e4 c6 2. d4 d5 3. exd5 cxd5 4. c4 Nf6 5. Nc3 Nc6 6. cxd5 Nxd5 7. Bc4 Be6 8. Bb5 Nxc3 9. bxc3 Qd5 10. Bxc6+ Qxc6 11. Qf3 Bd5 12. Qg3 Bxg2 0-1


[Site "https://www.chess.com"]

[Event "Titled Tuesday Blitz April 18 Late 2023"]
[White "Garrido, Denis"]
[Black "Eisa Mohmood, Alkhoori"]
[WhiteFideId "601217"]
[BlackFideId "9316116"]
[WhiteElo "2315"]
[BlackElo "1310"]
[Result "0-1"]
[Round "08"]
[TimeControl "180+2"]
[Date "2023.04.18"]
[WhiteClock "0:00:02"]
[BlackClock "0:00:49"]

1. d4 Nf6 2. c4 e6 3. Nc3 d5 4. cxd5 exd5 5. Bg5 Be7 6. e3 O-O 7. Bd3 c6 8. Nge2 Re8 9. O-O Nbd7 10. a4 Nf8 11. a5 Ng6 12. Qc2 Ne4 13. Bxe7 Qxe7 14. a6 b6 15. Nxe4 dxe4 16. Bc4 Bg4 17. Nc3 Nh4 18. Kh1 Nxg2 19. Rg1 Nxe3 20. fxe3 Bf3+ 21. Rg2 Qg5 22. Rf1 Qxe3 23. d5 Rad8 24. Nd1 Qd4 25. Nf2 cxd5 26. Bb5 Re6 27. Kg1 Bxg2 28. Kxg2 e3 29. Qc7 Rg6+ 30. Kh1 Qh4 31. Ng4 Rf8 32. Ne5 Qe4+ 33. Nf3 e2 34. Bxe2 Qxe2 0-1


[Site "https://www.chess.com"]

[Event "Titled Tuesday Blitz April 18 Late 2023"]
[White "brm72"]
[Black "Torres Dominguez, David"]
[BlackFideId "2220857"]
[WhiteElo "2566"]
[BlackElo "1999"]
[Result "1-0"]
[Round "08"]
[TimeControl "180+2"]
[Date "2023.04.18"]
[WhiteClock "0:00:09"]
[BlackClock "0:00:01"]

1. e4 Nc6 2. Nf3 e5 3. d4 exd4 4. Nxd4 Nf6 5. Nxc6 bxc6 6. e5 Nd5 7. c4 Nb6 8. Nc3 d5 9. exd6 Bxd6 10. Bd3 Qe7+ 11. Be3 Bc5 12. O-O Bxe3 13. fxe3 Qxe3+ 14. Kh1 O-O 15. Qc2 g6 16. Rae1 Qd4 17. Ne4 Bf5 18. Rxf5 gxf5 19. Ng3 Rfd8 20. Bxf5 Qd2 21. Bxh7+ Kf8 22. Qb1 Nxc4 23. Rg1 Rd5 24. b3 Ne3 25. Be4 Re5 26. Bxc6 Rd8 27. Qh7 Re6 28. Qh8+ Ke7 29. Qh4+ Kf8 30. Bf3 Qd4 31. Ne4 f5 32. Qf4 Rf6 33. Qh4 fxe4 34. Qh8+ Ke7 35. Qg7+ Rf7 36. Qg5+ Kf8 37. Bh5 Rf6 38. h4 Rd5 39. Qg3 Qe5 40. Qxe3 Qxh5 41. Qh3 Rf4 42. Qc8+ Kf7 43. Qxc7+ Ke6 44. Qxf4 Rf5 45. Qxe4+ Re5 46. Qf4 Rf5 47. Qh2 Kf6 48. g4 1-0


[Site "https://www.chess.com"]

[Event "Titled Tuesday Blitz April 18 Late 2023"]
[White "De Souza, Cristiano Gomes"]
[Black "QuiesPrecatio"]
[WhiteFideId "2151758"]
[WhiteElo "2068"]
[BlackElo "2432"]
[Result "1/2-1/2"]
[Round "08"]
[TimeControl "180+2"]
[Date "2023.04.18"]
[WhiteClock "0:00:04"]
[BlackClock "0:00:14"]

1. d4 Nf6 2. c3 b5 3. Bf4 Bb7 4. e3 a6 5. Nd2 e6 6. Ngf3 c5 7. a4 b4 8. Nc4 d5 9. Nce5 bxc3 10. bxc3 Qa5 11. Qc1 Nc6 12. Bd3 Nxe5 13. Bxe5 cxd4 14. exd4 Rc8 15. Bxf6 gxf6 16. O-O Rxc3 17. Qd2 Qc7 18. Rfc1 Rxc1+ 19. Rxc1 Qd8 20. Qb2 Bc8 21. Qb8 Bd7 22. Qb7 Ba3 23. Rc3 Bd6 24. Qxa6 Qb8 25. Bb5 Bxb5 26. Rc8+ Kd7 27. Rxb8 Bxa6 28. Rxh8 Bd3 29. a5 Bb4 30. a6 Bxa6 31. Rxh7 Ke7 32. Rh8 Bc3 33. Ra8 Bc4 34. Ra7+ Kf8 35. h4 e5 36. dxe5 fxe5 37. h5 Kg7 38. h6+ Kxh6 39. Rxf7 e4 40. Nh2 Kg6 41. Rc7 Be5 42. Rc8 Be2 43. Nf1 d4 44. Nd2 Bd3 45. Rd8 Bf4 46. Nb3 e3 47. Nxd4 e2 48. Re8 Kf7 49. Rxe2 Bxe2 50. Nxe2 Be5 51. g3 Kf6 52. Kg2 Kf5 53. Kf3 Bd6 54. Nd4+ Kg5 55. Ne6+ Kf6 56. Nf4 Kg5 57. Ke4 Kg4 58. Ke3 Bc7 59. Ne2 Kf5 60. f4 Kg4 61. Kf2 Bb6+ 62. Kg2 Be3 63. Kf1 Kf3 64. f5 Bg5 1/2-1/2


[Site "https://www.chess.com"]

[Event "Titled Tuesday Blitz April 18 Late 2023"]
[White "Estremera Panos, Sergio"]
[Black "Buchenau, Frank"]
[WhiteFideId "2200864"]
[BlackFideId "4604350"]
[WhiteElo "2253"]
[BlackElo "2157"]
[Result "1-0"]
[Round "08"]
[TimeControl "180+2"]
[Date "2023.04.18"]
[WhiteClock "0:01:00"]
[BlackClock "0:00:04"]

1. d4 e6 2. c4 Nf6 3. Nc3 Bb4 4. e3 O-O 5. Bd3 c5 6. Ne2 Nc6 7. O-O d5 8. cxd5 Nxd5 9. a3 Nxc3 10. bxc3 Ba5 11. Bb2 e5 12. Qc2 g6 13. Rfd1 cxd4 14. cxd4 exd4 15. Nxd4 Nxd4 16. Bxd4 Bb6 17. Bb2 Qe7 18. Qc3 f6 19. h4 Bg4 20. Rdc1 Rac8 21. Qb3+ Be6 22. Qb5 Rfd8 23. h5 Rxc1+ 24. Rxc1 Rd5 25. Qb3 Rxh5 26. Qc2 Qd6 27. Bxg6 Qh2+ 28. Kf1 Rc5 29. Qe4 Rxc1+ 30. Bxc1 hxg6 31. Qxe6+ Kg7 32. Qe7+ Kh6 33. e4+ g5 34. Qxf6+ Kh7 35. Qf7+ Kh6 36. Qf6+ Kh7 37. Qf5+ Kh6 38. Bxg5+ Kg7 39. Bf6+ 1-0


[Site "https://www.chess.com"]

[Event "Titled Tuesday Blitz April 18 Late 2023"]
[White "Mikheev, Stanislav"]
[Black "Simonovic, Miroslav"]
[WhiteFideId "4135920"]
[BlackFideId "919152"]
[WhiteElo "2230"]
[BlackElo "2042"]
[Result "1/2-1/2"]
[Round "08"]
[TimeControl "180+2"]
[Date "2023.04.18"]
[WhiteClock "0:00:49"]
[BlackClock "0:00:06"]

1. c4 c5 2. Nf3 Nc6 3. g3 e5 4. Bg2 g6 5. O-O Bg7 6. Nc3 Nge7 7. d3 O-O 8. Bg5 h6 9. Bd2 d6 10. a3 Be6 11. Rb1 a5 12. Ne1 d5 13. cxd5 Nxd5 14. Nc2 Nd4 15. Nxd5 Bxd5 16. Bxd5 Qxd5 17. Ne3 Qe6 18. Nc4 b6 19. e3 Nf5 20. Qf3 Rab8 21. Rfd1 Rfd8 22. Bc3 Nd6 23. Nxb6 Rxb6 24. Bxa5 Rdb8 25. Bxb6 Rxb6 26. Rdc1 e4 27. dxe4 Qxe4 28. Qxe4 Nxe4 29. Rc2 Rb3 30. Kg2 Nc3 31. Rbc1 Na4 32. Rc4 Bxb2 33. R1c2 Rxa3 34. Rxa4 Rxa4 35. Rxb2 Ra7 36. Rb8+ Kg7 37. Rc8 Ra5 38. Kf3 Kf6 39. Ke4 Ra2 40. Rc6+ Ke7 41. Kf3 Rc2 42. e4 h5 43. Ke3 c4 44. h4 Kd7 45. Rc5 Kd6 46. Ra5 Rc3+ 47. Kd4 Rc2 48. Ra6+ Ke7 49. Rc6 Rxf2 50. Rxc4 Rf3 51. Rc3 Rxc3 52. Kxc3 f6 53. Kd4 Ke6 54. Kd3 Ke5 55. Ke3 Ke6 56. Kf4 Ke7 57. e5 fxe5+ 58. Kxe5 Kf7 59. Ke4 Kf6 60. Kf4 Kf7 61. Kg5 Kg7 62. g4 hxg4 63. Kxg4 Kh7 64. Kg5 Kg7 65. h5 gxh5 66. Kxh5 1/2-1/2


[Site "https://www.chess.com"]

[Event "Titled Tuesday Blitz April 18 Late 2023"]
[White "Osmonbekov, Talaibek"]
[Black "Seder, Mohammed"]
[WhiteFideId "2017253"]
[BlackFideId "11505567"]
[WhiteElo "2135"]
[BlackElo "1862"]
[Result "1-0"]
[Round "08"]
[TimeControl "180+2"]
[Date "2023.04.18"]
[WhiteClock "0:00:06"]
[BlackClock "0:00:22"]

1. d4 Nf6 2. Bf4 c5 3. d5 Qb6 4. Nc3 d6 5. e4 Bd7 6. a4 Qxb2 7. Bd2 Qb6 8. h3 g6 9. f4 Bg7 10. Rb1 Qc7 11. Nf3 Nh5 12. Nb5 Qc8 13. Kf2 O-O 14. g4 Nf6 15. Nc3 e5 16. f5 Na6 17. Be2 Nb4 18. Kg2 a6 19. g5 Nh5 20. f6 Bh8 21. Nh4 Nf4+ 22. Bxf4 exf4 23. Qd2 h6 24. Qxf4 hxg5 25. Qxg5 Nxc2 26. Nxg6 Ne3+ 27. Kf3 Bg4+ 28. hxg4 Qxg4+ 29. Qxg4 Nxg4 30. Rxh8# 1-0


[Site "https://www.chess.com"]

[Event "Titled Tuesday Blitz April 18 Late 2023"]
[White "Broca Jimenez, Fernando"]
[Black "Marchesich, Giovanni"]
[WhiteFideId "5104742"]
[BlackFideId "2824790"]
[WhiteElo "2062"]
[BlackElo "2209"]
[Result "1/2-1/2"]
[Round "08"]
[TimeControl "180+2"]
[Date "2023.04.18"]
[WhiteClock "0:00:08"]
[BlackClock "0:00:14"]

1. e4 e5 2. Nf3 Nc6 3. Bb5 a6 4. Ba4 Bc5 5. O-O Nge7 6. c3 Ba7 7. d4 Ng6 8. d5 Nce7 9. Nbd2 O-O 10. Re1 d6 11. Nf1 h6 12. h3 f5 13. exf5 Nxf5 14. Bc2 Qf6 15. Ne3 Nfh4 16. Be4 Nxf3+ 17. Qxf3 Qxf3 18. Bxf3 Bxh3 19. Be4 Bxe3 20. Bxe3 Bf5 21. Bf3 Nh4 22. Be2 g5 23. c4 Be4 24. f3 Bg6 25. c5 Nf5 26. Bf2 Rfd8 27. Rac1 Rd7 28. cxd6 Nxd6 29. Rc5 Re8 30. Rec1 Ree7 31. Bg3 Nf5 32. Bf2 Nd4 33. Kf1 Nxe2 34. Kxe2 e4 35. fxe4 Bxe4 36. Kf1 Bxd5 37. Rd1 c6 38. Kg1 Re4 39. b3 Rf7 40. Rc2 Rg4 41. g3 Re4 42. Rcd2 Kg7 43. Re1 Rxe1+ 44. Bxe1 Kf6 45. Rf2+ Ke6 46. Rxf7 Kxf7 47. Kf2 Kg6 48. Ke3 Kf5 49. Kd4 h5 50. Kc5 Kg4 51. Kb6 Kf3 52. Kxb7 Ke2 53. Bc3 h4 54. gxh4 gxh4 55. Be5 h3 56. Kxa6 Kd3 57. Kb6 Kc2 58. b4 Bxa2 59. Kc5 Bd5 60. b5 cxb5 61. Kxb5 Kd3 62. Kc5 Ke4 63. Bh2 Be6 64. Bb8 Bg4 65. Bc7 Kf3 66. Bh2 Kg2 67. Bc7 Bf3 68. Be5 Be2 69. Kd4 Kf2 70. Bf4 Kf3 71. Bc7 Kg4 72. Ke3 Kf5 73. Kxe2 Kg4 74. Kf2 h2 75. Bxh2 1/2-1/2


[Site "https://www.chess.com"]

[Event "Titled Tuesday Blitz April 18 Late 2023"]
[White "Smith, Garrett L"]
[Black "Sariego Figueredo, Wilfredo"]
[WhiteFideId "2024829"]
[BlackFideId "3500080"]
[WhiteElo "2293"]
[BlackElo "2309"]
[Result "1-0"]
[Round "08"]
[TimeControl "180+2"]
[Date "2023.04.18"]
[WhiteClock "0:00:14"]
[BlackClock "0:00:05"]

1. e4 c5 2. a3 e6 3. b4 cxb4 4. axb4 Bxb4 5. Bb2 Nf6 6. e5 Nd5 7. c4 Nb6 8. Qg4 g6 9. Nf3 Nc6 10. Nc3 Be7 11. Ne4 Nb4 12. Rc1 a5 13. h4 h5 14. Qf4 Na4 15. Ba1 Nc5 16. Qe3 Nxe4 17. Qxe4 Rb8 18. d4 b6 19. Qf4 Bb7 20. d5 exd5 21. Ng5 Bxg5 22. hxg5 Rf8 23. g4 hxg4 24. Qxg4 Qe7 25. Rh7 dxc4 26. Bh3 Bd5 27. Kf1 Be6 28. Qg3 Bxh3+ 29. Qxh3 Qxg5 30. Re1 Nd3 31. Rd1 Nf4 32. Qf3 Qxe5 33. Bxe5 Nd3 34. Rxd3 cxd3 35. Bf6 Rc8 36. Qe4# 1-0


[Site "https://www.chess.com"]